 Dungeon Crawl Stone Soup version 0.29.1-2-gbd0b4ee654 (webtiles) character file.

Game seed: 6072269480367937530

17766 qeuew the Spear-Bearer (level 12, 0/145 HPs)
             Began as a Merfolk Gladiator on Nov 10, 2022.
             Was an Initiate of Gozag.
             Slain by a death yak (15 damage)
             ... on level 10 of the Dungeon.
             The game lasted 00:29:03 (12179 turns).

qeuew the Spear-Bearer (Merfolk Gladiator)         Turns: 12179, Time: 00:29:03

Health: 0/145      AC: 30    Str: 17    XL:     12   Next: 51%
Magic:  12/12      EV:  2    Int:  9    God:    Gozag
Gold:   814        SH: 11    Dex: 23    Spells: 11/11 levels left

rFire   + + .      SeeInvis .   a - +0 trident
rCold   + . .      Faith    .   B - +0 kite shield
rNeg    . . .      Spirit   .   (body armour currently unavailable)
rPois   +          Reflect  .   (helmet currently unavailable)
rElec   +          Harm     .   (cloak currently unavailable)
rCorr   +          Rampage  .   (gloves currently unavailable)
Will    .....      NoTele   +   (boots currently unavailable)
Stlth   ++........              i - amulet of regeneration
HPRegen 1.14/turn               x - ring "Mesanamu" {rF+ AC+4 Int+2 Dex+3}
MPRegen 0.13/turn               h - +4 ring of evasion

@: mighty, tree-form, resistant, gold aura, invisible
A: stationary, stasis, torment immunity, boosted hp, (nimble swimmer 2),
(mertail), (iridescent scales 1), agile 1
a: End Transformation, Renounce Religion, Potion Petition, Call Merchant, Bribe
Branch


You were on level 10 of the Dungeon.
You worshipped Gozag.
Gozag was pleased with you.
You were a tree.
You visited 3 branches of the dungeon, and saw 12 of its levels.
You also visited: Sewer and Ossuary.

You collected 3110 gold pieces.
You spent 781 gold pieces at shops.
You paid 1515 gold pieces to Gozag.

Inventory:

Hand Weapons
 a - a +0 trident (weapon)
Missiles
 e - 5 javelins (quivered)
 y - 2 throwing nets
Armour
 c - a +0 helmet (melded)
 k - a +0 ring mail (melded)
 l - a +2 pair of boots (melded)
 t - a +1 cloak of stealth (melded)
 B - a +0 kite shield (worn)
Jewellery
 f - a ring of poison resistance
 g - a +6 ring of dexterity
 h - a +4 ring of evasion (right branch)
 i - an amulet of regeneration (around neck)
 x - the ring "Mesanamu" (left branch) {rF+ AC+4 Int+2 Dex+3}
   (You bought it in a shop on level 7 of the Dungeon)

   [ring of protection]

   AC:        It affects your AC (+4).
   Int:       It affects your intelligence (+2).
   Dex:       It affects your dexterity (+3).
   rF:        It protects you from fire.
 E - a +6 ring of intelligence
Wands
 r - a wand of mindburst (17)
 A - a wand of acid (3)
 C - a wand of paralysis (11)
Scrolls
 b - a scroll of fog
 j - 5 scrolls of teleportation
 n - a scroll of magic mapping
 p - a scroll of amnesia
 q - a scroll of enchant armour
 w - 5 scrolls of identify
Potions
 m - 2 potions of cancellation
 o - a potion of brilliance
 s - a potion of might
 u - a potion of mutation
 v - 2 potions of haste
Miscellaneous
 D - a phantom mirror


   Skills:
 + Level 10.0 Fighting
 + Level 12.2 Polearms
 + Level 9.1 Throwing
 + Level 6.6 Armour
 + Level 12.1 Dodging
 + Level 4.9 Shields


You had 11 spell levels left.
You didn't know any spells.
Your spell library contained the following spells:

 Spells                   Type           Power      Damage    Failure   Level
 Ensorcelled Hibernation  Hex/Ice        0%         N/A       86%         2
 Spider Form              Tmut/Pois      0%         N/A       98%         3
 Anguish                  Hex/Necr       0%         N/A       100%        4
 Leda's Liquefaction      Hex/Erth       0%         N/A       100%        4
 Lee's Rapid Deconstruct  Erth           0%         3d5*      100%        5
 Statue Form              Tmut/Erth      0%         N/A       100%        6


Dungeon Overview and Level Annotations

Branches:
Dungeon (10/15)            Temple (1/1) D:6            Lair (1/5) D:10
  Sewer (visited)         Ossuary (visited)
    Orc: D:9-12

Altars:
Ashenzari
Cheibriados
Dithmenos
Elyvilon
Fedhas
Gozag
Hepliaklqana
Kikubaaqudgha
Makhleb
Nemelex Xobeh
Qazlal
Ru
Sif Muna
Trog
Uskayaw
Vehumet
Wu Jian
Xom
Yredelemnul
Zin
The Shining One

Shops:
D:6 !   D:7 =(

Annotations:
D:9 1 runed translucent door, SirLogeyBear's ghost, novice HOBe


Innate Abilities, Weirdness & Mutations

You are a tree.
Your roots penetrate the ground, keeping you stationary.
You cannot be teleported.
You are immune to unholy pain and torment.
Your maximum health is greatly increased.
Your equipment is partially melded.
((You are very nimble when in or above water. (Stealth+, EV+, Speed+++)))
((Your lower body shifts to a powerful aquatic tail in water.))
((You are partially covered in iridescent scales. (AC +2)))
You are agile. (Dex +4, Str/Int -1)


Message History

No target in view!
You now have 1314 gold pieces (gained 17).
There is a staircase to the Lair, spattered with blood here.
You start resting.
HP restored.
You climb downwards.
Welcome back to the Lair of Beasts!
The death yak gores you! x2; You block the yak's attack. x2
The death yak gores you but does no damage.
The death yak closely misses you.
The yak is distracted by your dazzling golden aura.
The yak bellows! x2
There is a staircase back to the Dungeon, spattered with blood here.
The death yak gores you but does no damage. x2
The yak completely misses you. The death yak gores you!
You climb upwards.
Welcome back to the Dungeon!
There is a staircase to the Lair, spattered with blood here.
Unknown command.
As you read the scroll of teleportation, it crumbles to dust.
You feel strangely unstable. The death yak gores you!! The death yak gores you!
* * * LOW HITPOINT WARNING * * *
The yak gores you but does no damage. The death yak gores you!!
* * * LOW HITPOINT WARNING * * *
Okay, then. [a] - 360 gold - resistance and invisibility [b] - 270 gold - haste [c] - 500 gold - lignification, might, resistance and invisibility Purchase which effect?
You turn into a tree.
Your +1 cloak of stealth melds into your body.
Your +0 helmet melds into your body.
Your +2 pair of boots melds into your body.
Your +0 ring mail melds into your body.
You feel less stealthy.
Your roots penetrate the ground.
You feel strangely stable.
You feel very mighty all of a sudden.
You feel protected.
You fade into invisibility!
The yak is distracted by your dazzling golden aura.
The death yak gores you but does no damage.
You block the death yak's attack. The death yak gores you!
You die...
Your body crumbles into a pile of gold.

#.......................#
#...........################
#...........# #######.###.###
#...........# #?..##.#......####
#...........####....#.....#...#.#
#...........##.###.......#......#
#...........#..###.#.............
#...........##.Y###..##..........
#.##############♣Y.#.#.#..##.##..
#.......... #YY#.#####..#####.#
#.......... ##....# #)## #.##
#).######## ##################
#..# #............. #..#
#............. #..#
#.............
#..#################.............
#<.............................##


You could see 3 death yaks and a yak (unaware, unable to see you).

Vanquished Creatures
  2 two-headed ogres
  2 death yaks (D:10)
  Amaemon (D:8)
  A cyclops (D:9)
  Maurice (D:9)
  An orange demon (D:8)
  3 cane toads (Lair:1)
  An unseen horror (D:8)
  5 komodo dragons
  A kobold demonologist (D:10)
  5 hornets
  6 blink frogs (Lair:1)
  4 water elementals (D:10)
  27 yaks
  5 wyverns
  A wraith (D:9)
  A basilisk (Lair:1)
  A steam dragon (D:10)
  2 water moccasins
  2 black bears
  An ogre (D:7)
  7 orc warriors
  A centaur (D:9)
  2 phantoms (D:7)
  4 kobold brigands
  3 bullfrogs
  2 gnoll sergeants (D:9)
  4 water moccasin zombies (Ossuary)
  6 electric eels (D:9)
  3 jellies
  5 hounds
  Crazy Yiuf (D:4)
  7 orc priests
  3 iguanas
  Ijyb (D:3)
  10 orc wizards
  3 mummies
  8 gnolls
  6 adders
  2 river rats (D:3)
  4 shadow imps
  An ufetubus (D:4)
  5 adder zombies (Ossuary)
  2 worms
  2 dart slugs
  43 orcs
  9 endoplasms
  2 giant cockroaches
  4 gnoll zombies (Ossuary)
  7 goblins
  5 hobgoblins
  9 jackals
  7 quokkas
  14 ball pythons
  8 bats
  6 frilled lizards
  4 hobgoblin zombies (Ossuary)
  20 kobolds
  4 kobold zombies (Ossuary)
  7 orc zombies (Ossuary)
  8 rats
322 creatures vanquished.

Vanquished Creatures (others)
  An orc (D:10)
  6 plants
7 creatures vanquished.

Grand Total: 329 creatures vanquished

Notes
Turn   | Place    | Note
-------+----------+-------------------------------------------
     0 | D:1      | qeuew the Merfolk Gladiator began the quest for the Orb.
     0 | D:1      | Reached XP level 1. HP: 16/16 MP: 1/1
   395 | D:1      | Reached XP level 2. HP: 23/23 MP: 2/2
   452 | D:1      | Found a faded altar of an unknown god.
  1310 | D:1      | Reached XP level 3. HP: 27/28 MP: 3/3
  1812 | D:2      | Reached skill level 1 in Armour
  1812 | D:2      | Reached XP level 4. HP: 34/34 MP: 4/4
  1858 | D:2      | Found a broken altar of Ashenzari.
  2424 | D:3      | Reached XP level 5. HP: 40/41 MP: 5/5
  2442 | D:3      | Found a glowing drain.
  2446 | Sewer    | Entered a sewer
  2613 | Sewer    | Noticed a kobold brigand
  2644 | Sewer    | Killed a kobold brigand
  2645 | Sewer    | Reached skill level 5 in Polearms
  2645 | Sewer    | Reached skill level 5 in Dodging
  2718 | Sewer    | Noticed a kobold brigand
  2734 | Sewer    | Killed a kobold brigand
  2735 | Sewer    | Reached XP level 6. HP: 9/48 MP: 6/6
  3085 | D:3      | Noticed Ijyb
  3098 | D:3      | Killed Ijyb
  3334 | D:3      | Identified a scroll of acquirement
  3334 | D:3      | Acquired 935 gold pieces
  3576 | D:4      | Reached XP level 7. HP: 49/54 MP: 7/7
  4489 | D:4      | Found a runed translucent door.
  4490 | D:4      | Noticed Crazy Yiuf
  4537 | D:4      | Killed Crazy Yiuf
  4564 | D:4      | Gained mutation: You are agile. (Dex +4, Str/Int -1)
                  | [potion of mutation]
  4564 | D:4      | Gained mutation: You are partially covered in iridescent
                  | scales. (AC +2) [potion of mutation]
  4591 | D:5      | Entered Level 5 of the Dungeon
  4610 | D:5      | Found a broken altar of Ashenzari.
  4980 | D:6      | Found a burning altar of Makhleb.
  5061 | D:6      | Noticed a yak
  5074 | D:6      | Noticed a yak
  5129 | D:5      | Killed a yak
  5130 | D:5      | Reached XP level 8. HP: 52/61 MP: 8/8
  5151 | D:5      | Killed a yak
  5152 | D:5      | Reached skill level 5 in Fighting
  5275 | D:6      | Found a sand-covered staircase.
  5292 | Ossuary  | Entered an ossuary
  5438 | Ossuary  | Reached skill level 5 in Throwing
  5581 | D:6      | HP: 1/64 [acid (10)]
  5673 | D:6      | Reached XP level 9. HP: 68/69 MP: 9/9
  5707 | D:6      | Found Oggops's Distillery.
  5712 | D:6      | Bought a potion of berserk rage for 55 gold pieces
  5741 | D:6      | Found a staircase to the Ecumenical Temple.
  5751 | Temple   | Entered the Ecumenical Temple
  5789 | Temple   | Became a worshipper of Gozag Ym Sagoz the Greedy
  6094 | D:6      | Found a shimmering blue altar of Sif Muna.
  6236 | D:7      | Found Gustreim's Jewellery Shoppe.
  6243 | D:7      | Bought the ring "Mesanamu" {rF+ AC+4 Int+2 Dex+3} for 726
                  | gold pieces
  6610 | D:7      | Found Ysain's Antique Weapon Shop.
  7006 | D:8      | Noticed a hornet
  7029 | D:8      | Killed a hornet
  7104 | D:8      | Reached XP level 10. HP: 62/79 MP: 10/10
  7164 | D:8      | Found a hazy altar of Hepliaklqana.
  7165 | D:8      | Found a shimmering altar of Xom.
  7166 | D:8      | Noticed a spectral ugly thing
  7223 | D:9      | Paralysed by a hornet for 2 turns
  7235 | D:9      | Paralysed by a hornet for 2 turns
  7413 | D:8      | Paralysed by a hornet for 2 turns
  7522 | D:8      | Killed an unseen horror
  7930 | D:8      | Noticed Amaemon
  7930 | D:8      | Noticed an orange demon
  8037 | D:8      | Killed Amaemon
  8038 | D:8      | Reached skill level 5 in Armour
  8073 | D:8      | Killed an orange demon
  8074 | D:8      | Reached skill level 10 in Polearms
  8074 | D:8      | Reached skill level 10 in Dodging
  8640 | D:9      | Found a shimmering altar of Xom.
  8640 | D:9      | Noticed SirLogeyBear's ghost (novice HOBe)
  8640 | D:9      | Noticed a +0 trident of chaos
  8641 | D:9      | Found a runed translucent door.
  8742 | D:9      | Noticed a cyclops
  8765 | D:9      | Killed a cyclops
  8766 | D:9      | Reached skill level 1 in Shields
  8766 | D:9      | Reached XP level 11. HP: 61/87 MP: 11/11
  9040 | D:9      | Noticed a two-headed ogre
  9068 | D:9      | Killed a two-headed ogre
  9918 | D:9      | Noticed Maurice
  9972 | D:9      | Killed Maurice
 10050 | D:10     | Entered Level 10 of the Dungeon
 10527 | D:10     | Noticed a sun demon
 10529 | D:10     | Noticed a soul eater
 10707 | D:10     | Noticed a two-headed ogre
 10720 | D:10     | Killed a two-headed ogre
 11095 | D:10     | Reached XP level 12. HP: 77/96 MP: 12/12
 11126 | D:10     | Found a staircase to the Lair.
 11285 | D:10     | Noticed a two-headed ogre
 11293 | D:10     | Noticed a tengu warrior
 11294 | D:10     | Noticed a boulder beetle
 11433 | Lair:1   | Entered Level 1 of the Lair of Beasts
 11505 | D:10     | Paralysed by a hornet for 2 turns
 11858 | Lair:1   | Noticed a death yak
 11858 | Lair:1   | Noticed a death yak
 11859 | Lair:1   | Noticed a death yak
 11859 | Lair:1   | Noticed a death yak
 11860 | Lair:1   | Noticed a death yak
 11935 | D:10     | Killed a death yak
 12078 | Lair:1   | Noticed a death yak
 12148 | D:10     | Killed a death yak
 12149 | D:10     | Reached skill level 10 in Fighting
 12179 | D:10     | Slain by a death yak

Illustrated notes

Levels and vault maps discovered:
D:1:      ebering_trefoil_twist, layout_basic, nicolae_ecumenical_snake_handling
D:2:      layout_basic, basic_altar
D:3:      layout_loops_ring, gup_sewer_entry_bowl, uniq_ijyb
D:4:      layout_layer_cave, grunt_ministairs_4, dk_noncrumbling_3,
          uniq_crazy_yiuf_cottage
D:5:      layout_rooms, mainiacjoe_overflow_alcove_2
D:6:      layout_cave_pools, kennysheep_orc_sif_temple, amcnicky_altar_gilded,
          minmay_temple_entry_wispy, gup_ossuary_entry_pyramid, serial_shops,
          kennysheep_little_box, hangedman_minor_gate_pass
D:7:      layout_loops_ring, serial_shops, nicolae_take_the_stairs, shop,
          minmay_tree_intersection, hangedman_glass_teeth,
          hangedman_abyss_or_decor_passed
D:8:      layout_basic, regret_index_temple_of_mockery,
          hangedman_decor_peaks_small, uniq_amaemon
D:9:      cheibrodos_two_vegetables, layout_loops_corners, ebering_ghost_xom,
          uniq_maurice
D:10:     minmay_the_grid_triangle_9x9_rhombus_thin_mashed
          [minmay_the_grid_triangle_9x9_sprig,
          minmay_the_grid_triangle_9x9_prize_top_heavy,
          minmay_the_grid_triangle_9x9_empty,
          minmay_the_grid_triangle_9x9_cache], layout_long_grid,
          erik_lair_dragon, nicolae_underground_beach
Temple:   nicolae_temple_bog_church
Lair:1:   layout_hall_layers

Skill      XL: |  1  2  3  4  5  6  7  8  9 10 11 12 |
---------------+-------------------------------------+-----
Armour         | 1 2 3 4 5 6 |  6.6
Fighting       | 3 4 5 7 8 9 10 | 10.0
Polearms       | 5 6 7 9 10 11 12 | 12.2
Throwing       | 3 4 5 6 7 8 9 |  9.1
Dodging        | 5 6 7 9 10 11 12 | 12.1
Shields        | 1 3 4 |  4.9

Action                   |  1- 3 |  4- 6 |  7- 9 | 10-12 || total
-------------------------+-------+-------+-------+-------++-------
Melee: Trident           |   135 |   266 |   626 |  1259 ||  2286
       Punch             |       |     2 |    12 |     5 ||    19
Throw: Throwing net      |       |     5 |     2 |       ||     7
       Javelin           |       |       |       |     2 ||     2
Invok: Potion Petition   |       |       |       |     4 ||     4
  Use: Scroll            |     3 |     7 |     6 |     5 ||    21
       Potion            |       |     7 |     9 |     7 ||    23
 Stab: Sleeping          |     4 |     1 |     1 |     3 ||     9
       Held in net/web   |       |     2 |     4 |       ||     6
       Invisible         |       |       |     2 |       ||     2
       Distracted        |       |       |     2 |     5 ||     7
Armor: Leather armour    |    18 |       |       |       ||    18
       Ring mail         |    35 |   125 |   181 |   262 ||   603
       Skin              |       |       |       |     1 ||     1
Dodge: Dodged            |    98 |   200 |   358 |   963 ||  1619
Block: Kite shield       |       |       |       |   491 ||   491
